 Dungeon Crawl Stone Soup version 0.24.0-2-g5b39cebb1c (webtiles) character file.

Game seed: 5369950133658093184, levelgen mode: deterministic

93 Mrkan the Chopper (level 4, -1/60 HPs)
             Began as a Hill Orc Fighter on Oct 29, 2019.
             Was an Initiate of Dithmenos.
             Slain by an ogre
             ... wielding a +0 giant club
              (5 damage)
             ... on level 4 of the Dungeon.
             The game lasted 00:03:59 (2425 turns).

Mrkan the Chopper (Hill Orc Fighter)                Turns: 2425, Time: 00:03:59

Health: -1/60      AC: 22    Str: 19    XL:     4   Next: 61%
Magic:  4/4        EV:  2    Int:  8    God:    Dithmenos [......]
Gold:   126        SH:  9    Dex: 10    Spells: 3/3 levels left

rFire    . . .     SeeInvis .   a - +0 war axe
rCold    . . .     Gourm    .   c - +0 shield
rNeg     + + +     Faith    .   (armour currently unavailable)
rPois    +         Spirit   .   (helmet currently unavailable)
rElec    .         Reflect  .   (cloak currently unavailable)
rCorr    .         Harm     .   (gloves currently unavailable)
MR       .....     NoTele   +   (boots currently unavailable)
Stlth    +.........             (no amulet)
HPRegen  0.20/turn              (no ring)
MPRegen  0.09/turn              (no ring)

@: tree-form
A: no striking features
a: Renounce Religion


You were on level 4 of the Dungeon.
You worshipped Dithmenos.
Dithmenos was noncommittal.
You were not hungry.
You were a tree.
You visited 1 branch of the dungeon, and saw 4 of its levels.

You collected 126 gold pieces.

Inventory:

Hand Weapons
 a - a +0 war axe (weapon)
Armour
 b - a +2 hat (melded)
 c - a +0 shield (worn)
 s - a +2 pair of boots (melded)
 z - a +0 plate armour (melded)
Jewellery
 o - an uncursed ring of ice {unknown}
Wands
 y - a wand of paralysis (3)
Scrolls
 g - a scroll of magic mapping {unknown}
 h - a scroll of immolation {unknown}
 j - 2 scrolls of remove curse {unknown}
 k - 3 scrolls of identify {unknown}
 n - a scroll of fog {unknown}
 q - a scroll of noise {unknown}
 r - a scroll of amnesia {unknown}
 v - a scroll of teleportation {unknown}
Potions
 d - a potion of might
 e - 2 potions of lignification
 i - 2 potions of berserk rage {unknown}
 l - 2 potions of brilliance {unknown}
 m - 4 potions of curing {unknown}
 p - a potion of heal wounds {unknown}
 u - a potion of flight {unknown}
 x - a potion of invisibility {unknown}
Comestibles
 f - 8 rations


   Skills:
 + Level 4.2 Fighting
 * Level 4.4 Axes
 + Level 3.9 Armour
 + Level 3.9 Shields


You had 3 spell levels left.
You didn't know any spells.
Your spell library was empty.

Dungeon Overview and Level Annotations

Branches:
Dungeon (4/15)
 Temple: D:4-7

Altars:
Dithmenos


Message History

The orc wizard hits you but does no damage.
You hit the ogre.
The ogre is moderately wounded.
Your shield prevents you from hitting the orc wizard.
The orc wizard gestures wildly while chanting.
The orc wizard blinks!
You block the ogre's attack.
The orc wizard gestures wildly while chanting.
The orc wizard blinks!
The ogre hits you but does no damage.
You hit the ogre but do no damage.
The ogre is moderately wounded.
You feel yourself speed up. You block the ogre's attack.
The orc wizard casts a spell.
The orc wizard blinks!
The orc wizard casts a spell.
The orc wizard blinks!
You hit the ogre.
The ogre is heavily wounded.
The ogre hits you with a +0 giant club.
You die...

### #.. #.# ### #.# ##.#
###.# #... #...## #..#
.##..## #..#
###.#.#######.§########.#..
##..............♣O..§......
##..#.#######..####..?.....
.#...#...####..# #######.#
....##.........#
.........####.## ##########
#.# #.# #.. ###


You could see an ogre.

Vanquished Creatures
  3 adders
  2 worms
  A dart slug (D:2)
  5 orcs
  3 giant cockroaches
  13 goblins
  4 hobgoblins
  2 quokkas (D:3)
  8 bats
  2 frilled lizards
  3 kobolds (D:1)
  5 rats
51 creatures vanquished.

Notes
Turn   | Place    | Note
-------+----------+-------------------------------------------
     0 | D:1      | Mrkan the Hill Orc Fighter began the quest for the Orb.
     0 | D:1      | Reached XP level 1. HP: 19/19 MP: 1/1
    82 | D:1      | Reached XP level 2. HP: 27/27 MP: 2/2
   461 | D:1      | Reached XP level 3. HP: 32/33 MP: 3/3
   723 | D:2      | Found a faded altar of an unknown god.
  1005 | D:2      | Found a shadowy altar of Dithmenos.
  1031 | D:2      | Became a worshipper of Dithmenos the Shadowed
  1410 | D:3      | Reached XP level 4. HP: 40/40 MP: 4/4
  2408 | D:4      | Noticed an ogre
  2422 | D:4      | HP: 3/60 [ogre/+0 giant club (1)]
  2425 | D:4      | Slain by an ogre

Levels and vault maps discovered:
D:1:      dpeg_arrival_rhombus, layout_rooms, serial_bayou,
          serial_bayou_lagoon_b, serial_bayou_pond_b, serial_bayou_pond_d,
          serial_bayou_pond_b, minmay_tetromino_s4
D:2:      layout_basic, first_ration, chequers_ecumenical_altar_simple_redux,
          grunt_dithmenos_smoke_and_mirrors
D:3:      layout_basic
D:4:      layout_loops_ring, minmay_temple_entry_from_below_b, moated_statue,
          eino_small_chamber_without_monster, nicolae_tso_besieged_by_evil,
          uniq_duvessa

Skill      XL: |  1  2  3 |
---------------+----------+-----
Axes           | 3 4 |  4.4
Fighting       | 4 |  4.2
Armour         | |  3.9
Shields        | |  3.9

Action                   |  1- 3 |  4- 6 || total
-------------------------+-------+-------++-------
Melee: War axe           |    87 |    62 ||   149
  Use: Potion            |       |     1 ||     1
  Eat: Chunk             |     2 |     3 ||     5
Armor: Scale mail        |    38 |       ||    38
       Chain mail        |       |    24 ||    24
       Plate armour      |       |     8 ||     8
       Skin              |       |     4 ||     4
Dodge: Dodged            |    30 |    13 ||    43
Block: Shield            |    37 |    32 ||    69
